 Dungeon Crawl Stone Soup version 0.29-a0-483-g69413ace17 (webtiles) character file.

Game seed: 6689500587654772431

5147 siradein the Fighter (level 10, -3/123 HPs)
             Began as an Ogre Fighter on May 26, 2022.
             Was a Follower of Makhleb.
             Slain by a vault guard
             ... wielding a +0 broad axe
              (14 damage)
             ... in a bailey.
             The game lasted 00:22:25 (7618 turns).

siradein the Fighter (Ogre Fighter)                 Turns: 7618, Time: 00:22:26

Health: -3/123     AC: 11    Str: 26    XL:     10   Next: 59%
Magic:  10/10      EV:  8    Int:  9    God:    Makhleb [*.....]
Gold:   444        SH:  9    Dex:  8    Spells: 9/9 levels left

rFire   . . .      SeeInvis .   f - +2 war axe (freeze)
rCold   + . .      Faith    .   c - +2 kite shield
rNeg    . . .      Spirit   .   J - +0 steam dragon scales
rPois   .          Reflect  .   (helmet restricted)
rElec   .          Harm     .   z - +0 cloak
rCorr   .          Rampage  .   (gloves unavailable)
Will    +....                   (boots unavailable)
Stlth   +.........              n - amulet of regeneration
HPRegen 1.10/turn               h - ring of protection from cold
MPRegen 0.12/turn               u - +4 ring of protection

@: mighty
A: large, unfitting armour, tough skin 1
a: Renounce Religion


You were in a bailey.
You worshipped Makhleb.
Makhleb was aware of your devotion.
You visited 2 branches of the dungeon, and saw 9 of its levels.
You also visited: Ossuary and Bailey.

You collected 444 gold pieces.

Inventory:

Hand Weapons
 a - a +0 trident
 f - a +2 war axe of freezing (weapon)
Missiles
 w - 144 stones (quivered)
 x - 8 poisoned darts
Armour
 c - a +2 kite shield (worn)
 z - a +0 cloak (worn)
 J - +0 steam dragon scales (worn)
Jewellery
 h - a ring of protection from cold (left hand)
 n - an amulet of regeneration (around neck)
 u - a +4 ring of protection (right hand)
 y - a ring of resist corrosion
 E - a ring of protection from cold
Wands
 t - a wand of flame (22)
 G - a wand of acid (11)
Scrolls
 g - 4 scrolls of teleportation
 i - 5 scrolls of fear
 l - 2 scrolls of enchant armour
 p - 6 scrolls of fog
 C - 2 scrolls of amnesia
 F - a scroll of poison
 H - a scroll of identify
Potions
 e - 4 potions of flight
 j - 4 potions of curing
 k - 2 potions of haste
 m - a potion of ambrosia {unknown}
 o - a potion of mutation {unknown}
 q - a potion of brilliance {unknown}
 r - 3 potions of cancellation {unknown}
 s - a potion of magic {unknown}
 v - a potion of berserk rage {unknown}
 A - 2 potions of invisibility {unknown}
 B - a potion of lignification {unknown}
 D - 5 potions of attraction {unknown}
 I - a potion of degeneration {unknown}


   Skills:
 + Level 14.8 Fighting
 + Level 10.8 Polearms
 - Level 2.7 Dodging
 - Level 3.0 Shields


You had 9 spell levels left.
You didn't know any spells.
Your spell library contained the following spells:

 Spells                   Type           Power      Damage    Failure   Level
 Sting                    Tmut/Pois      0%         1d3       67%         1
 Blink                    Tloc           0%         N/A       82%         2
 Poisonous Vapours        Pois/Air       0%         N/A       82%         2
 Lesser Beckoning         Tloc           0%         N/A       96%         3
 Olgreb's Toxic Radiance  Pois           0%         N/A       100%        4
 Manifold Assault         Tloc           0%         N/A       100%        5


Dungeon Overview and Level Annotations

Branches:
Dungeon (8/15)             Temple (1/1) D:5            Lair (0/6) D:8
Ossuary (visited)          Bailey (1/1)

Altars:
Elyvilon
Fedhas
Makhleb
Nemelex Xobeh
Wu Jian
Xom

Shops:
D:6 (

Annotations:
D:6 Edmund Bailey Prince Ribbit


Innate Abilities, Weirdness & Mutations

You are too large for most types of armour.
You have tough skin. (AC +1)


Message History

Prince Ribbit completely misses you.
Prince Ribbit lets out a mournful croak.
Prince Ribbit hits you.
Prince Ribbit blinks!
There is an open door here.
Things that are here:
a +0 war axe; a +0 scale mail; a human skeleton You see here a bullfrog skeleton.
There is an open door, spattered with blood here.
Items here: )))) [[[[ ÷÷.
You hit the vault guard but do no damage.
The vault guard hits you with a +0 broad axe!!
You closely miss the vault guard.
Prince Ribbit lets out a mournful croak.
The vault guard hits you with a +0 broad axe!
You closely miss the vault guard.
Prince Ribbit catches a mosquito with his tongue.
The vault guard hits you with a +0 broad axe! x2
You are too injured to fight recklessly!
You are too injured to fight recklessly!
Unknown command.
You closely miss the vault guard. You block the vault guard's attack.
You feel very mighty all of a sudden.
The vault guard hits you with a +0 broad axe.
You slash the vault guard! You freeze the vault guard.
The vault guard is lightly wounded.
The vault guard hits you with a +0 broad axe!!
You block the vault guard's attack.
You slash the vault guard! You freeze the vault guard.
The vault guard is moderately wounded.
The vault guard hits you with a +0 broad axe.
* * * LOW HITPOINT WARNING * * *
You hit the vault guard. You freeze the vault guard.
The vault guard is heavily wounded.
The vault guard hits you with a +0 broad axe!!
* * * LOW HITPOINT WARNING * * *
You barely miss the vault guard.
The vault guard is heavily wounded.
The vault guard hits you with a +0 broad axe!
You die...

..≈≈≈####≈≈#....##
...≈≈≈≈≈≈≈≈#p.p..##
≈..≈.≈≈≈≈F.'..#...#
...........#..#)).#
.....≈.≈≈≈≈#..##÷.#
....≈.≈≈#######...#
≈≈≈≈≈≈≈≈##.....F.#####
≈≈≈≈≈≈≈≈≈#).)..p##...##
≈≈≈≈≈≈≈≈##)#....@).∩..#
#≈≈≈≈≈###..######.....#
#######....##≈≈≈'..∩..#
#......#≈≈≈≈##...##
##.....'≈≈≈≈≈#####
##....#≈≈≈≈≈#
##...##≈≈≈## ##########


You could see a vault guard and Prince Ribbit.

Vanquished Creatures
  A two-headed ogre (D:8)
  Sigmund (D:6)
  A wraith (Ossuary)
  7 humans (Bailey)
  A steam dragon (D:8)
  4 water moccasins
  2 orc warriors
  4 black bears
  A sky beast (D:6)
  Blork the orc (D:4)
  13 bullfrogs
  2 scorpions
  4 wights (D:7)
  6 killer bees (D:7)
  2 howler monkeys (D:7)
  4 hounds
  2 jellies
  3 orc priests
  2 iguanas
  3 mummies (Ossuary)
  5 adders
  2 gnolls
  A shadow imp (D:8)
  2 worms
  20 orcs
  2 bats
  6 endoplasms
  6 giant cockroaches
  10 goblins
  4 hobgoblins (D:4)
  12 jackals
  5 quokkas
  5 ball pythons
  4 frilled lizards
  2 goblin zombies (Ossuary)
  3 hobgoblin zombies (Ossuary)
  6 kobolds
  4 kobold zombies (Ossuary)
  4 rats
167 creatures vanquished.

Vanquished Creatures (others)
  31 fungi (D:8)
  34 plants (D:8)
65 creatures vanquished.

Grand Total: 232 creatures vanquished

Notes
Turn   | Place    | Note
-------+----------+-------------------------------------------
     0 | D:1      | siradein the Ogre Fighter began the quest for the Orb.
     0 | D:1      | Reached XP level 1. HP: 24/24 MP: 1/1
    77 | D:1      | Reached XP level 2. HP: 11/33 MP: 2/2
   494 | D:1      | Reached skill level 5 in Fighting
   908 | D:2      | Reached XP level 3. HP: 37/42 MP: 3/3
  1196 | D:2      | Found a faded altar of an unknown god.
  1670 | D:2      | Reached skill level 6 in Fighting
  1782 | D:3      | Reached XP level 4. HP: 51/52 MP: 4/4
  1843 | D:3      | Reached XP level 5. HP: 47/61 MP: 5/5
  2010 | D:3      | Reached skill level 7 in Fighting
  2666 | D:4      | Reached XP level 6. HP: 66/71 MP: 6/6
  2686 | D:4      | Noticed Blork the orc
  2698 | D:4      | Killed Blork the orc
  3027 | D:4      | Reached skill level 8 in Fighting
  3248 | D:5      | Entered Level 5 of the Dungeon
  3248 | D:5      | Found a sand-covered staircase.
  3254 | Ossuary  | Entered an ossuary
  3254 | Ossuary  | Noticed a wraith
  3254 | Ossuary  | Noticed a wraith
  3254 | Ossuary  | Noticed a wraith
  3328 | Ossuary  | Noticed a wraith
  3338 | Ossuary  | Killed a wraith
  3339 | Ossuary  | Reached XP level 7. HP: 62/81 MP: 7/7
  3502 | Ossuary  | Reached skill level 5 in Polearms
  3765 | D:5      | Found a blossoming altar of Fedhas.
  3824 | D:5      | Found a white marble altar of Elyvilon.
  3859 | D:5      | Reached skill level 9 in Fighting
  4040 | D:5      | Found a staircase to the Ecumenical Temple.
  4132 | Temple   | Entered the Ecumenical Temple
  4175 | Temple   | Became a worshipper of Makhleb the Destroyer
  4674 | D:6      | Reached XP level 8. HP: 64/93 MP: 8/8
  4919 | D:6      | Noticed Sigmund
  4962 | D:6      | Killed Sigmund
  4963 | D:6      | Reached skill level 10 in Fighting
  5023 | D:6      | Found Enep's Weapon Emporium.
  5275 | D:6      | Noticed Edmund
  5755 | D:6      | Reached skill level 11 in Fighting
  6219 | D:7      | Reached XP level 9. HP: 105/105 MP: 9/9
  6337 | D:7      | Reached skill level 12 in Fighting
  6457 | D:7      | HP: 3/106 [killer bee (3)]
  6709 | D:7      | Reached * piety under Makhleb
  7107 | D:8      | Reached skill level 13 in Fighting
  7123 | D:8      | Found a staircase to the Lair.
  7147 | D:8      | Noticed a two-headed ogre
  7169 | D:8      | Reached XP level 10. HP: 64/119 MP: 10/10
  7174 | D:8      | Killed a two-headed ogre
  7175 | D:8      | Reached skill level 14 in Fighting
  7175 | D:8      | Reached skill level 10 in Polearms
  7210 | D:8      | Found a flagged portal.
  7219 | Bailey   | Entered a bailey
  7585 | Bailey   | Noticed a vault guard
  7585 | Bailey   | Noticed Prince Ribbit
  7618 | Bailey   | Slain by a vault guard

Illustrated notes

Levels and vault maps discovered:
D:1:      scummos_arrival_forest, layout_loops_ring, supply_closet_lemuel
D:2:      layout_basic, hellmonk_ecumenical_altar_heavens_door,
          kennysheep_doodads, nicolae_figureground_pulse
D:3:      layout_rooms
D:4:      minmay_razor_zed, layout_loops_ring, st_stairs_1, uniq_blork_the_orc
D:5:      layout_loops_corners, mainiacjoe_overflow_catch_the_wave,
          minmay_temple_entry_ruins, lightli_ossuary_entry_decrepit_ruins
D:6:      layout_basic, serial_shops, nicolae_shop_bloodbath_and_beyond,
          uniq_edmund, uniq_sigmund
D:7:      layout_basic, roderic_malta_cross, minmay_statues_item
D:8:      layout_cave_pools, evilmike_ruin_ashenzari,
          due_lair_maze_entry_diamond, enter_bailey_2
Temple:   dpeg_five_rooms_temple
Bailey:   bailey_axe_froggy_fort_hellmonk, bailey

Skill      XL: |  1  2  3  4  5  6  7  8  9 10 |
---------------+-------------------------------+-----
Fighting       | 5 6 7 8 9 11 13 14 | 14.8
Polearms       | 3 4 5 7 9 10 | 10.8
Dodging        | |  2.7
Shields        | |  3.0

Action                   |  1- 3 |  4- 6 |  7- 9 | 10-12 || total
-------------------------+-------+-------+-------+-------++-------
Melee: Trident           |    25 |       |    17 |       ||    42
       War axe           |    56 |   133 |   201 |    97 ||   487
Throw: Dart              |       |       |     2 |       ||     2
       Stone             |       |       |     2 |       ||     2
  Use: Scroll            |       |     5 |     7 |       ||    12
       Potion            |       |       |     1 |     1 ||     2
Armor: Robe              |    24 |    34 |    95 |       ||   153
       Steam dragon scal |       |       |     7 |    21 ||    28
       Skin              |       |       |     1 |       ||     1
Dodge: Dodged            |    29 |    48 |   102 |    29 ||   208
Block: Kite shield       |    25 |    55 |   152 |    43 ||   275

Table legend: (Time is in decaauts)
 A = Elapsed time spent in this place.
 B = Non-inter-level travel time spent in this place.
 C = Inter-level travel time spent in this place.
 D = Time resting spent in this place.
 E = Time spent auto-exploring this place.
 F = Levels seen in this place.
 G = Mean time per level.
                   A        B        C        D        E       F      G
               +--------+--------+--------+--------+--------+-----+--------+
         Total |   7864 |   7513 |    351 |    232 |   5326 |  11 |  714.9 |
       Dungeon |   6930 |   6579 |    351 |    142 |   4840 |   8 |  866.2 |
        Temple |     77 |     77 |      0 |      0 |     34 |   1 |   77.0 |
       Ossuary |    424 |    424 |      0 |      0 |    299 |   1 |  424.0 |
        Bailey |    431 |    431 |      0 |     90 |    153 |   1 |  431.0 |
               +--------+--------+--------+--------+--------+-----+--------+

Top non-repeatable levels by time:
     D:6: 1295 daAuts
     D:7: 1068 daAuts
     D:5: 1046 daAuts
     D:4: 1021 daAuts
     D:1: 910 daAuts
     D:2: 863 daAuts
     D:3: 553 daAuts
  Bailey: 431 daAuts
 Ossuary: 424 daAuts
     D:8: 172 daAuts
  Temple: 77 daAuts
